 Dungeon Crawl Stone Soup version 0.27-a0-676-gc1da3516c2 (webtiles) character file.

Game seed: 9288906013177571632

256356 supsnack the Alchemist (level 19, 0/147 (149) HPs)
             Began as a Demonspawn Monk on Mar 17, 2021.
             Was a High Priest of Sif Muna.
             Killed from afar by a starcursed mass (8 damage)
             ... with an accursed screaming
             ... on level 3 of the Abyss on Mar 18, 2021.
             The game lasted 02:07:31 (52655 turns).

supsnack the Alchemist (Demonspawn Monk)           Turns: 52655, Time: 02:07:31

HP:   0/147 (149)   AC: 22    Str: 20    XL:     19   Next: 7%
MP:   29/29         EV: 20    Int: 13    God:    Sif Muna [*****.]
Gold: 1512          SH:  5    Dex: 16    Spells: 12/32 levels left

rFire    . . .     SeeInvis +   L - +6 long sword (flame)
rCold    + . .     Faith    .   M - +0 buckler
rNeg     + . .     Spirit   .   T - +2 robe {Will+}
rPois    +         Reflect  .   (helmet unavailable)
rElec    .         Harm     .   n - +1 cloak {rPois}
rCorr    .         Rampage  .   i - +2 pair of gloves
Will     ++...                  E - +2 pair of boots
Stlth    ++........             P - amulet of regeneration
HPRegen  1.34/turn              D - ring of protection from cold
MPRegen  0.21/turn              h - ring "Rucwun" {+Blink AC+4 Str+2}

@: sanguine armoured, lightly drained
A: horns 3, demonic guardian 2, foul stench 3, negative energy resistance 1,
sanguine armour 1, see invisible, blink, deformed body, sense surroundings 1,
wild magic 2
}: 2/15 runes: abyssal, gossamer
a: Blink, Renounce Religion, Evoke Blink, Channel Magic, Forget Spell, Divine
Exegesis


You were on level 3 of the Abyss.
You worshipped Sif Muna.
Sif Muna was extremely pleased with you.
You visited 6 branches of the dungeon, and saw 30 of its levels.
You visited the Abyss 1 time.
You also visited: Bailey and Ice Cave.

You collected 5011 gold pieces.
You spent 3499 gold pieces at shops.

Inventory:

Hand Weapons
 L - a +6 long sword of flaming (weapon)
Armour
 i - a +2 pair of gloves (worn)
 n - a +1 cloak of poison resistance (worn)
 s - the +2 shield of Resistance {rF++ rC++ Will++}
   (You found it on level 13 of the Dungeon)

   It greatly protects you from fire.
   It greatly protects you from cold.
   It affects your willpower, your defense against some magical effects.
 C - the +9 gold dragon scales "Rareagg" {Rampage rPois rF+ rC+ Int+3 Dex-4}
   (You found it on level 2 of the Abyss)

   It affects your intelligence (+3).
   It affects your dexterity (-4).
   It protects you from fire.
   It protects you from cold.
   It protects you from poison.
   It bestows one free step when moving towards enemies.
 E - a +2 pair of boots (worn)
 M - a +0 buckler (worn)
 T - a +2 robe of willpower (worn)
Jewellery
 b - a ring of positive energy
 e - a ring of poison resistance
 h - the ring "Rucwun" (left hand) {+Blink AC+4 Str+2}
   (You acquired it on level 2 of the Elven Halls)

   [ring of protection]

   It affects your AC (+4).
   It affects your strength (+2).
   It lets you blink.
 r - a +4 ring of protection
 t - a ring of protection from cold
 y - the ring of the Vendetta {Ice Str+2}
   (You found it in an ice cave)

   [ring of ice]

   It enhances your ice magic.
   It affects your strength (+2).
   It makes you vulnerable to fire.
   It protects you from cold.
 D - a ring of protection from cold (right hand)
 N - a ring of positive energy
 P - an amulet of regeneration (around neck)
 S - a ring of resist corrosion
 Y - a ring of willpower
Wands
 j - a wand of iceblast (29)
 o - a wand of paralysis (16)
 u - a wand of mindburst (22)
 F - a wand of digging (5)
 J - a wand of acid (11)
Scrolls
 a - a scroll of brand weapon
 f - 11 scrolls of teleportation
 g - 8 scrolls of fog
 p - 3 scrolls of amnesia
 v - a scroll of enchant weapon
 w - 3 scrolls of fear
 x - 8 scrolls of identify
 z - 3 scrolls of blinking
 A - a scroll of summoning
 H - a scroll of magic mapping
 Q - 3 scrolls of enchant armour
 R - a scroll of immolation
 U - a scroll of silence
Potions
 c - 3 potions of resistance
 k - 9 potions of curing
 l - 2 potions of haste
 m - a potion of attraction
 q - 4 potions of magic
 B - 3 potions of berserk rage
 I - 5 potions of brilliance
 K - 2 potions of might
 V - a potion of invisibility
 W - a potion of flight
Miscellaneous
 d - a condenser vane
 G - a phantom mirror


   Skills:
 - Level 13.0 Fighting
 - Level 5.0 Armour
 + Level 14.0 Dodging
 - Level 1.7 Stealth
 - Level 4.0 Shields
 + Level 14.0 Unarmed Combat
 - Level 7.0 Spellcasting
 + Level 19.4 Transmutations


You had 12 spell levels left.
You knew the following spells:

 Your Spells              Type           Power      Damage    Failure   Level
a - Ice Form              Ice/Tmut       47%        N/A       8%          4
b - Blink                 Tloc           N/A        N/A       38%         2
c - Statue Form           Tmut/Erth      31%        N/A       58%         6
d - Dragon Form           Tmut           36%        N/A       11%         7
e - Summon Small Mammal   Summ           28%        N/A       30%         1

Your spell library contained the following spells:

 Spells                   Type           Power      Damage    Failure   Level
 Beastly Appendage        Tmut           100%       N/A       1%          1
 Sting                    Tmut/Pois      100%       1d8       1%          1
 Wereblood                Tmut           73%        N/A       1%          2
 Blade Hands              Tmut           36%        N/A       1%          5
 Passwall                 Tmut/Erth      39%        N/A       2%          2
 Spider Form              Tmut/Pois      23%        N/A       3%          3
 Hydra Form               Tmut           36%        N/A       3%          6
 Petrify                  Tmut/Erth      47%        N/A       8%          4
 Ignite Poison            Fire/Tmut/Pois 34%        N/A       9%          3
 Alistair's Intoxication  Tmut/Pois      31%        N/A       17%         5
 Irradiate                Conj/Tmut      23%        3d21      17%         5
 Yara's Violent Unravell  Hex/Tmut       23%        3d10      17%         5
 Apportation              Tloc           14%        N/A       30%         1
 Corona                   Hex            7%         N/A       30%         1
 Foxfire                  Conj/Fire      28%        2x1d5     30%         1
 Freeze                   Ice            28%        1d5       30%         1
 Magic Dart               Conj           28%        1d4       30%         1
 Pain                     Necr           28%        1d5       30%         1
 Call Imp                 Summ           7%         N/A       38%         2
 Ensorcelled Hibernation  Hex/Ice        14%        N/A       38%         2
 Poisonous Vapours        Pois/Air       14%        N/A       38%         2
 Searing Ray              Conj           14%        3d3       38%         2
 Slow                     Hex            7%         N/A       38%         2
 Sublimation of Blood     Necr           3%         N/A       38%         2
 Swiftness                Air            7%         N/A       38%         2
 Call Canine Familiar     Summ           7%         N/A       58%         3
 Confusing Touch          Hex            7%         N/A       58%         3
 Conjure Flame            Conj/Fire      7%         6-21      58%         3
 Dazzling Flash           Conj/Hex       14%        N/A       58%         3
 Frozen Ramparts          Ice            14%        1d3       58%         3
 Gell's Gravitas          Tloc           3%         N/A       58%         3
 Inner Flame              Hex/Fire       7%         N/A       58%         3
 Lesser Beckoning         Tloc           3%         N/A       58%         3
 Mephitic Cloud           Conj/Pois/Air  7%         N/A       58%         3
 Ozocubu's Armour         Ice            7%         N/A       58%         3
 Portal Projectile        Hex/Tloc       14%        N/A       58%         3
 Static Discharge         Conj/Air       7%         N/A       58%         3
 Stone Arrow              Conj/Erth      14%        3d7       58%         3
 Summon Guardian Golem    Hex/Summ       7%         N/A       58%         3
 Teleport Other           Tloc           7%         N/A       58%         3
 Tukima's Dance           Hex            7%         N/A       58%         3
 Vampiric Draining        Necr           3%         2d6       58%         3
 Eringya's Noxious Bog    Tmut/Pois      23%        N/A       58%         6
 Cause Fear               Hex            3%         N/A       92%         4
 Fulminant Prism          Conj/Hex       3%         3d6       92%         4
 Hailstorm                Conj/Ice       7%         3d4       92%         4
 Iskenderun's Mystic Bla  Conj/Tloc      7%         2d4       92%         4
 Passage of Golubria      Tloc           N/A        N/A       92%         4
 Sticky Flame             Conj/Fire      7%         2d3       92%         4
 Summon Ice Beast         Ice/Summ       7%         N/A       92%         4
 Summon Lightning Spire   Summ/Air       7%         N/A       92%         4
 Agony                    Necr           7%         N/A       99%         5
 Bolt of Magma            Conj/Fire/Erth 3%         4d5       99%         5
 Lee's Rapid Deconstruct  Erth           3%         3d6*      99%         5
 Metabolic Englaciation   Hex/Ice        3%         N/A       99%         5
 Silence                  Hex/Air        3%         N/A       99%         5
 Summon Forest            Summ/Tloc      3%         N/A       99%         5
 Dispersal                Tloc           3%         N/A       100%        6
 Freezing Cloud           Conj/Ice/Air   3%         6-21      100%        6
 Invisibility             Hex            7%         N/A       100%        6
 Starburst                Conj/Fire      3%         8x6d3     100%        6
 Haunt                    Necr/Summ      3%         N/A       100%        7
 Borgnjor's Revivificati  Necr           3%         N/A       100%        8
 Chain Lightning          Conj/Air       3%         N/A       100%        8
 Discord                  Hex            3%         N/A       100%        8
 Summon Horrible Things   Summ           3%         N/A       100%        8


Dungeon Overview and Level Annotations

Branches:
Dungeon (15/15)            Temple (0/1) D:6            Lair (6/6) D:10
 Shoals (0/4) Lair:4       Spider (4/4) Lair:2        Slime (0/5) Lair:6
    Orc (2/2) D:9             Elf (2/3) Orc:2        Vaults (0/5) D:14
 Depths (1/5) D:15         Bailey (visited)           IceCv (visited)

Altars:
Ashenzari
Cheibriados
Fedhas
Gozag
Hepliaklqana
Nemelex Xobeh
Okawaru
Qazlal
Ru
Sif Muna
Trog
Xom
Zin
Beogh
Jiyva

Shops:
D:7 (   D:11 ?   Orc:1 :   Orc:2 (?*[:   Elf:1 **=(   Elf:2 ?

Portals:
Hell: Depths:1
Abyss: Depths:1
Ziggurat: Depths:1

Annotations:
Lair:6 2 transporters, Howlingfantods's ghost, journeyman MiDe
Orc:1 2 transporters, Johnny's ghost, journeyman DEEE
Elf:2 3 runed translucent doors


Innate Abilities, Weirdness & Mutations

You have a pair of large horns on your head.
A demonic guardian rushes to your aid.
You frequently emit foul miasma when damaged in melee.
You resist negative energy. (rN+)
When seriously injured, your bleeding wounds create armour. (AC +6)
You have supernaturally acute eyesight. (SInv)
You can translocate small distances at will.
Armour fits poorly on your strangely shaped body.
You passively map a small area around you.
Your spells are harder to cast, but more powerful.


Message History

The +2 long sword of holy wrath resists.
You hear a bellow!
Found 26 gold pieces.
You feel yourself slow down. The hell hog completely misses you.
You riposte.
You slash the hell hog! You burn the hell hog. You headbutt the hell hog!
The hell hog is almost dead.
You block the +2 long sword of holy wrath's attack.
The hell hog breathes fire at you.
The fireball explodes!
The fireball engulfs the +2 long sword of holy wrath.
The +2 long sword of holy wrath resists.
The fireball engulfs you!!
* * * LOW HITPOINT WARNING * * *
A demonic guardian appears!
As you read the scroll of fog, it crumbles to dust.
The scroll dissolves into smoke.
The +2 long sword of holy wrath hits you but does no damage.
The +2 long sword of holy wrath hits you.
* * * LOW HITPOINT WARNING * * *
You convulse.
* * * LOW HITPOINT WARNING * * *
Your smoke demon misses the +2 long sword of holy wrath.
Your smoke demon hits the +2 long sword of holy wrath but does no damage.
Your smoke demon hits the +2 long sword of holy wrath.
A lurking horror comes into view.
The +2 long sword of holy wrath hits your smoke demon!
Your smoke demon convulses!
The +2 long sword of holy wrath completely misses your smoke demon.
Your smoke demon closely misses the +2 long sword of holy wrath.
Your smoke demon misses the +2 long sword of holy wrath.
Your smoke demon closely misses the +2 long sword of holy wrath.
A starcursed mass comes into view.
The hell hog breathes fire at you.
The fireball explodes!
The fireball engulfs you!
* * * LOW HITPOINT WARNING * * *
You hear an angry squeal.
You hear a roar!
You hear a screech!
Unknown command.
The starcursed mass shrieks in your mind.
You die...

# # #...##§§#...## #.§
.#..#.#§§#§####.. .
.#§##. #.hh§§§(§#.h.C
.. .#.X.##.##C#### C#
# #. X #. ..#.#.##..§
#..#. #..*#...##.hh#
.....####...###...§...
#...h...# # ##h$#
##@##.### .. .#.
#.......#.# .#. ...
#.####...### .# .#.
.#.## #..## .#. ## .
..


You could see a juggernaut, a starcursed mass, a hell hog (catching breath) and
a lurking horror.

Vanquished Creatures
  Saint Roka (Orc:2)
  Jorgrun (Spider:3)
  Frances (Elf:1)
  A tengu reaver (D:14)
  Donald (Elf:1)
  6 ghost moths
  A balrug (Depths:1)
  A deep elf sorcerer (Elf:1)
  9 emperor scorpions
  2 orc warlords
  A deep elf elementalist (Elf:2)
  An angel (Abyss:3)
  2 ophanim (Abyss:3)
  3 stone giants (Depths:1)
  3 very ugly things (Depths:1)
  Nessos (Orc:2)
  A deep elf annihilator (Elf:1)
  A deep elf demonologist (Elf:1)
  A black draconian (Abyss:2)
  6 entropy weavers
  A spark wasp (Spider:4)
  A blizzard demon (Depths:1)
  A deep elf death mage (Elf:2)
  A merfolk impaler (Depths:1)
  Snorg (Lair:4)
  A fire dragon (Depths:1)
  2 jiangshi (Depths:1)
  Josephine (Lair:5)
  The ghost of Uxoog the Grappler, a journeyman VSWn of Ashenzari (Lair:5)
  A rakshasa (Abyss:2)
  A deep elf high priest (Elf:1)
  5 ice dragons
  Erolcha (Orc:1)
  2 boulder beetles
  2 vault guards (D:14)
  6 hydras
  14 dancing weapons
  3 deep troll shamans (Depths:1)
  5 death yaks
  2 centaur warriors
  A death knight (D:14)
  2 vampire magi
  5 two-headed ogres
  2 deep troll earth magi (Depths:1)
  5 orc high priests
  6 deep elf knights
  A titan skeleton (D:15)
  2 iron trolls (Depths:1)
  A sixfirhy (Abyss:2)
  3 sun demons (Depths:1)
  2 cherubim (Abyss:3)
  8 skeletal warriors
  2 unseen horrors
  8 deep trolls (Depths:1)
  7 deep elf archers
  3 necromancers
  Pikel (D:7)
  2 wizards (D:14)
  3 orc knights
  12 deep elf pyromancers
  13 deep elf zephyrmancers
  A harpy (D:14)
  7 orc sorcerers
  12 orb spiders
  A stone giant zombie (D:15)
  31 wolf spiders
  2 manticores
  21 ugly things
  A moth of wrath (Spider:4)
  Maurice (D:8)
  5 elephants (Lair:4)
  2 black mambas (Lair:6)
  2 centaur zombies
  A black mamba (shapeshifter) (Elf:2)
  A smoke demon (Depths:1)
  6 centaur skeletons
  Joseph (D:8)
  2 ice statues (IceCv)
  5 cane toads
  3 kobold demonologists
  4 torpor snails
  5 komodo dragons
  4 ice devils (Depths:1)
  8 demonic crawlers
  2 freezing wraiths (D:14)
  3 rime drakes
  A tengu conjurer (Depths:1)
  27 jumping spiders
  An ancient zyme (Abyss:2)
  7 polar bears
  A queen bee (shapeshifter) (Elf:1)
  4 tyrant leeches (Lair:6)
  12 hornets
  10 trolls
  A polar bear (shapeshifter) (D:13)
  7 raiju
  A snapping turtle (Lair:4)
  16 blink frogs
  Prince Ribbit (Lair:2)
  A spriggan zombie (D:15)
  A meliai zombie (D:14)
  A spriggan skeleton (D:15)
  51 redbacks
  2 shadows (D:14)
  37 tarantellas
  4 wraiths
  Eustachio (D:5)
  A spriggan (shapeshifter) (Elf:1)
  6 wyverns
  5 fire elementals
  11 water elementals (Depths:1)
  48 yaks
  18 humans (D:14)
  5 basilisks (Lair:2)
  2 large abominations (Abyss:3)
  7 vampire mosquitoes (D:14)
  10 wargs
  Edmund (D:5)
  13 hell hounds
  7 water moccasins
  38 orc warriors
  18 ice beasts
  3 sky beasts
  9 black bears
  A necrophage (D:13)
  10 ogres
  22 wolves
  A boggart (Lair:5)
  7 centaurs
  2 lemures (D:7)
  A phantom (D:8)
  4 kobold brigands
  24 bullfrogs
  2 earth elementals
  A wyvern skeleton (D:14)
  3 scorpions
  3 vampire bats (D:14)
  16 killer bees
  10 wights
  A howler monkey (D:6)
  3 electric eels
  A bullfrog zombie (D:8)
  7 crimson imps (Depths:1)
  6 hounds
  A quasit (D:2)
  4 jellies
  17 orc priests
  5 bullfrog skeletons
  A gnoll shaman (D:6)
  An iron imp (D:8)
  5 iguanas
  18 orc wizards
  7 hell rats
  8 worker ants
  A killer bee zombie (D:8)
  A hound zombie (D:7)
  A worker ant zombie (D:10)
  A howler monkey zombie (D:11)
  A howler monkey skeleton (D:9)
  18 adders
  22 gnolls
  13 white imps
  3 ufetubi
  An adder skeleton (D:7)
  2 adder zombies
  3 worms
  A dart slug (D:2)
  5 leopard geckos
  88 orcs
  13 bats
  5 giant cockroaches
  16 hobgoblins
  6 jackals
  A quokka (D:10)
  6 frilled lizards
  6 goblins
  A jackal skeleton (D:8)
  35 kobolds
  2 quokka skeletons
  10 rats
1159 creatures vanquished.

Vanquished Creatures (collateral kills)
  4 hydras
  A boulder beetle (Lair:6)
  A death yak (Lair:6)
  2 spriggans (Lair:5)
  A lindwurm (Lair:6)
  2 orb spiders
  An orc knight (Orc:2)
  A wolf spider (Spider:2)
  An ugly thing (D:11)
  3 cane toads
  2 torpor snails (Lair:6)
  A rime drake (D:15)
  A komodo dragon (Lair:5)
  2 hornets (Lair:5)
  2 blink frogs (Lair:3)
  3 polar bears (Lair:6)
  4 wraiths (Lair:5)
  4 yaks
  A human (D:14)
  Menkaure (D:5)
  A hell hound (Lair:6)
  3 orc warriors
  3 black bears (Lair:6)
  A centaur (D:7)
  A killer bee (D:9)
  An orc priest (D:3)
  An adder skeleton (D:7)
  6 orcs
  A hobgoblin (Bailey)
  A quokka (D:6)
57 creatures vanquished.

Vanquished Creatures (others)
  A water elemental (Elf:1)
  2 orc warriors (Orc:2)
  An orc (Orc:2)
  A bush (Lair:2)
  83 fungi
  63 plants
  2 starspawn tentacles (Abyss:3)
  4 withered plants (D:15)
157 creatures vanquished.

Grand Total: 1373 creatures vanquished

Notes
Turn   | Place    | Note
-------+----------+-------------------------------------------
     0 | D:1      | supsnack the Demonspawn Monk began the quest for the Orb.
     0 | D:1      | Reached XP level 1. HP: 18/18 MP: 1/1
   468 | D:1      | Gained mutation: You have a pair of small horns on your
                  | head. [demonic ancestry]
   468 | D:1      | Reached XP level 2. HP: 24/24 MP: 2/2
  1765 | D:2      | Reached XP level 3. HP: 9/30 MP: 3/3
  2362 | D:2      | Found a hazy altar of Hepliaklqana.
  2368 | D:2      | Found a shimmering altar of Xom.
  2368 | D:2      | Found a sparkling altar of Nemelex Xobeh.
  2370 | D:2      | Found an opulent altar of Gozag.
  2729 | D:2      | Reached skill level 5 in Fighting
  2729 | D:2      | Gained mutation: A weak demonic guardian rushes to your
                  | aid. [demonic ancestry]
  2729 | D:2      | Reached XP level 4. HP: 15/39 MP: 4/4
  3299 | D:3      | Gained mutation: You have a pair of horns on your head.
                  | [demonic ancestry]
  3299 | D:3      | Reached XP level 5. HP: 30/46 MP: 5/5
  3782 | D:4      | Found a shimmering blue altar of Sif Muna.
  3821 | D:4      | Became a worshipper of Sif Muna the Loreminder
  3821 | D:4      | Reached * piety under Sif Muna
  3821 | D:4      | Reached ** piety under Sif Muna
  4000 | D:4      | Reached XP level 6. HP: 38/53 MP: 6/6
  4374 | D:4      | Found a broken altar of Ashenzari.
  4525 | D:5      | Entered Level 5 of the Dungeon
  4621 | D:5      | Noticed Menkaure
  4630 | D:5      | Killed Menkaure
  4856 | D:5      | Noticed Eustachio
  4865 | D:5      | Killed Eustachio
  4866 | D:5      | Reached XP level 7. HP: 55/63 MP: 7/7
  5083 | D:5      | Noticed Edmund
  5110 | D:5      | Killed Edmund
  6006 | D:5      | Gained mutation: You may rarely emit foul miasma when
                  | damaged in melee. [demonic ancestry]
  6006 | D:5      | Reached XP level 8. HP: 61/72 MP: 8/8
  6199 | D:6      | Found a staircase to the Ecumenical Temple.
  6399 | D:6      | Reached skill level 10 in Fighting
  6446 | D:6      | Reached skill level 1 in Armour
  6463 | D:6      | Reached *** piety under Sif Muna
  7897 | D:7      | Found a bloodstained altar of Trog.
  8867 | D:7      | Reached skill level 5 in Dodging
  8869 | D:7      | Gained mutation: When seriously injured, your bleeding
                  | wounds create armour. (AC +6) [demonic ancestry]
  8869 | D:7      | Reached XP level 9. HP: 32/78 MP: 9/9
  9451 | D:7      | Found Peokk's Weapon Boutique.
  9474 | D:7      | Noticed Pikel
  9517 | D:7      | Killed Pikel
  9517 | D:7      | Reached **** piety under Sif Muna
  9518 | D:7      | Reached skill level 5 in Armour
 10465 | D:8      | Noticed Maurice
 10676 | D:8      | Killed Maurice
 11168 | D:8      | Noticed Joseph
 11170 | D:8      | Paralysed by Joseph for 6 turns
 11177 | D:8      | Killed Joseph
 11178 | D:8      | Gained mutation: You sometimes emit foul miasma when
                  | damaged in melee. [demonic ancestry]
 11178 | D:8      | Reached XP level 10. HP: 79/85 MP: 10/10
 11291 | D:8      | Found an iron altar of Okawaru.
 11294 | D:8      | Found a stormy altar of Qazlal.
 11381 | D:8      | Noticed a two-headed ogre
 11400 | D:8      | Killed a two-headed ogre
 11401 | D:8      | Reached skill level 10 in Dodging
 11458 | D:8      | Reached skill level 1 in Spellcasting
 11851 | D:8      | Found a snail-covered altar of Cheibriados.
 12379 | D:9      | Identified a scroll of acquirement
 12379 | D:9      | Acquired 847 gold pieces
 12703 | D:9      | Reached ***** piety under Sif Muna
 12703 | D:9      | Identified Sif Muna's Reference Book on Freezing
                  | Confrontation (Sif Muna gifted it to you on level 9 of the
                  | Dungeon)
 12703 | D:9      | Received a gift from Sif Muna
 12825 | D:9      | Learned a level 4 spell: Ice Form
 12945 | D:9      | Reached skill level 1 in Transmutations
 13297 | D:9      | Found a staircase to the Orcish Mines.
 13518 | D:9      | Reached skill level 5 in Spellcasting
 13574 | D:9      | Found a bloodstained altar of Trog.
 13827 | D:10     | Entered Level 10 of the Dungeon
 13915 | D:10     | Found a flagged portal.
 13928 | D:10     | Learned a level 2 spell: Blink
 13931 | Bailey   | Entered a bailey
 14475 | Bailey   | Noticed an orc knight
 14498 | Bailey   | Killed an orc knight
 14499 | Bailey   | Reached skill level 2 in Transmutations
 14593 | Bailey   | Identified Sif Muna's Handbook of Changing and Summoning
                  | (Sif Muna gifted it to you in a bailey)
 14593 | Bailey   | Received a gift from Sif Muna
 14762 | Bailey   | Learned a level 6 spell: Statue Form
 15135 | D:10     | Found a staircase to the Lair.
 15527 | D:10     | Killed an unseen horror
 15528 | D:10     | Reached skill level 3 in Transmutations
 15528 | D:10     | Gained mutation: A demonic guardian rushes to your aid.
                  | [demonic ancestry]
 15528 | D:10     | Reached XP level 11. HP: 38/90 MP: 19/19
 16167 | Lair:1   | Entered Level 1 of the Lair of Beasts
 16463 | Lair:1   | Noticed a seven-headed hydra
 16469 | Lair:1   | Killed a five-headed hydra
 16470 | Lair:1   | Reached skill level 4 in Transmutations
 16891 | Lair:1   | Reached skill level 5 in Transmutations
 17356 | Lair:2   | Noticed a four-headed hydra
 17363 | Lair:2   | Killed a one-headed hydra
 17458 | Lair:2   | Reached skill level 6 in Transmutations
 17466 | Lair:2   | Identified the +9 dagger "Juim" {flame, *Contam rN+ Dex+4}
 17704 | Lair:2   | Noticed a six-headed hydra
 17713 | Lair:2   | Killed a five-headed hydra
 18274 | Lair:2   | Noticed Prince Ribbit
 18280 | Lair:2   | Killed Prince Ribbit
 18281 | Lair:2   | Reached skill level 7 in Transmutations
 18311 | Lair:2   | Identified the +4 whip of Context {vorpal, +Blink}
 18363 | Lair:2   | Found a hole to the Spider Nest.
 19374 | Lair:2   | Reached skill level 8 in Transmutations
 19862 | Lair:2   | Gained mutation: You frequently emit foul miasma when
                  | damaged in melee. [demonic ancestry]
 19862 | Lair:2   | Reached XP level 12. HP: 94/100 MP: 20/20
 20595 | Lair:3   | Reached skill level 1 in Shields
 20794 | Lair:3   | Noticed a six-headed hydra
 20802 | Lair:3   | Killed a two-headed hydra
 20803 | Lair:3   | Reached skill level 9 in Transmutations
 21433 | Lair:3   | Noticed a seven-headed hydra
 21441 | Lair:3   | Killed a three-headed hydra
 22512 | Lair:4   | Reached skill level 10 in Transmutations
 23553 | Lair:4   | Received a gift from Sif Muna
 23887 | Lair:4   | Found a staircase to the Shoals.
 24786 | Lair:4   | Reached skill level 11 in Transmutations
 25342 | Lair:5   | Found a blossoming altar of Fedhas.
 25350 | Lair:5   | Found a runed translucent door.
 25412 | Lair:5   | Noticed Uxoog's ghost (journeyman VSWn)
 25412 | Lair:5   | Identified the +6 spear "Ipnexkal" {freeze, rPois Dex+5}
 25423 | Lair:5   | Noticed a five-headed hydra
 25429 | Lair:5   | Killed a two-headed hydra
 25628 | Lair:5   | Noticed Snorg
 25683 | Lair:4   | Killed Snorg
 25684 | Lair:4   | Reached XP level 13. HP: 107/107 MP: 21/21
 25972 | Lair:5   | Noticed Josephine
 26666 | Lair:5   | Killed Josephine
 27821 | Lair:6   | Entered Level 6 of the Lair of Beasts
 27826 | Lair:6   | Reached skill level 12 in Transmutations
 28576 | Lair:5   | Reached skill level 13 in Transmutations
 28576 | Lair:5   | Reached XP level 14. HP: 115/115 MP: 22/22
 28966 | Lair:6   | Found a transporter.
 28976 | Lair:6   | Found a transporter.
 28978 | Lair:6   | Noticed Howlingfantods's ghost (journeyman MiDe)
 30988 | Lair:6   | Found a staircase to the Slime Pits.
 30989 | Lair:6   | Found a viscous altar of Jiyva.
 31048 | Lair:6   | Found a runed translucent door.
 31095 | Lair:6   | Reached skill level 14 in Transmutations
 31315 | Lair:6   | Identified Sif Muna's Incunabulum of Vitriolic
                  | Transmigration (Sif Muna gifted it to you on level 6 of the
                  | Lair of Beasts)
 31315 | Lair:6   | Received a gift from Sif Muna
 31333 | Lair:6   | Paralysed by a hornet for 3 turns
 31698 | Lair:6   | Learned a level 7 spell: Dragon Form
 32862 | Lair:6   | Paralysed by a hornet for 2 turns
 33403 | Lair:5   | Killed Uxoog's ghost
 33727 | D:11     | Reached skill level 15 in Transmutations
 33727 | D:11     | Gained mutation: You have a pair of large horns on your
                  | head. [demonic ancestry]
 33727 | D:11     | Reached XP level 15. HP: 88/123 MP: 24/24
 33955 | D:11     | Found Mycreola's Magic Scroll Shop.
 33968 | D:11     | Bought a scroll of blinking for 105 gold pieces
 33968 | D:11     | Bought a scroll of teleportation for 42 gold pieces
 33968 | D:11     | Bought a scroll of blinking for 105 gold pieces
 34905 | D:12     | Identified Sif Muna's Reference Book on Dislocated Arcane
                  | Weapons (Sif Muna gifted it to you on level 12 of the
                  | Dungeon)
 34905 | D:12     | Received a gift from Sif Muna
 34943 | D:12     | Paralysed by a hornet for 2 turns
 35405 | Orc:1    | Entered Level 1 of the Orcish Mines
 35561 | Orc:1    | Found Lidghuwest's Book Emporium.
 35564 | Orc:1    | You fall into a shaft and drop 1 floor!
 35564 | Orc:2    | Entered Level 2 of the Orcish Mines
 35567 | Orc:2    | Noticed Nessos
 35582 | Orc:2    | Killed Nessos
 35623 | Orc:2    | Paralysed by an orc sorcerer for 7 turns
 35708 | Orc:2    | Found a staircase to the Elven Halls.
 35708 | Orc:2    | Noticed Saint Roka
 35933 | Orc:1    | Noticed Johnny's ghost (journeyman DEEE)
 36069 | Orc:1    | Noticed Erolcha
 36082 | Orc:1    | Killed Erolcha
 36083 | Orc:1    | Reached skill level 16 in Transmutations
 36091 | Orc:1    | Found a transporter.
 36248 | Orc:1    | Found a transporter.
 36564 | D:13     | Found the +2 shield of Resistance {rF++ rC++ Will++}
 37357 | D:14     | Identified Sif Muna's Compendium of the Unstable Mountains
                  | (Sif Muna gifted it to you on level 14 of the Dungeon)
 37357 | D:14     | Received a gift from Sif Muna
 37427 | D:14     | Found a runed translucent door.
 38008 | D:14     | Reached skill level 5 in Unarmed Combat
 38254 | D:14     | Received a gift from Sif Muna
 38831 | D:14     | Found a gate to the Vaults.
 38842 | D:14     | Reached skill level 17 in Transmutations
 39082 | D:14     | Noticed a tengu reaver
 39098 | D:14     | HP: 5/184 [acid (15)]
 39102 | D:14     | Killed a tengu reaver
 39103 | D:14     | Reached XP level 16. HP: 38/130 MP: 22/26
 39346 | Spider:1 | Entered Level 1 of the Spider Nest
 39733 | Spider:1 | Gained mutation: You are dopey. (Int -2) [mutagenic glow]
 39783 | Spider:1 | Lost mutation: You are dopey. (Int -2) [potion of mutation]
 39783 | Spider:1 | Gained mutation: You are weak. (Str -2) [potion of
                  | mutation]
 39783 | Spider:1 | Gained mutation: You are robust. (+10% HP) [potion of
                  | mutation]
 39783 | Spider:1 | Gained mutation: Armour fits poorly on your strangely
                  | shaped body. [potion of mutation]
 39783 | Spider:1 | Gained mutation: You have sharp toenails. [potion of
                  | mutation]
 39784 | Spider:1 | Lost mutation: Armour fits poorly on your strangely shaped
                  | body. [potion of mutation]
 39784 | Spider:1 | Lost mutation: You are robust. (+10% HP) [potion of
                  | mutation]
 39784 | Spider:1 | Lost mutation: You are weak. (Str -2) [potion of mutation]
 39784 | Spider:1 | Lost mutation: You have sharp toenails. [potion of
                  | mutation]
 39784 | Spider:1 | Gained mutation: You are agile. (Dex +2) [potion of
                  | mutation]
 39784 | Spider:1 | Gained mutation: You have sharp toenails. [potion of
                  | mutation]
 39784 | Spider:1 | Gained mutation: Your body sometimes deteriorates upon
                  | taking damage. [potion of mutation]
 39784 | Spider:1 | Gained mutation: Your spells are a little harder to cast,
                  | but a little more powerful. [potion of mutation]
 39785 | Spider:1 | Lost mutation: Your body sometimes deteriorates upon taking
                  | damage. [potion of mutation]
 39785 | Spider:1 | Lost mutation: You are agile. (Dex +2) [potion of mutation]
 39785 | Spider:1 | Gained mutation: Your spells are harder to cast, but more
                  | powerful. [potion of mutation]
 39785 | Spider:1 | Gained mutation: You have razor-sharp toenails. [potion of
                  | mutation]
 39785 | Spider:1 | Gained mutation: You possess an exceptional clarity of
                  | mind. [potion of mutation]
 39785 | Spider:1 | Gained mutation: You can translocate small distances at
                  | will. [potion of mutation]
 40502 | Spider:1 | Received a gift from Sif Muna
 41409 | Spider:2 | Reached skill level 18 in Transmutations
 41793 | Orc:2    | Found Emysutia's Antique Armour Shoppe.
 41837 | Orc:2    | Found Gyastima's Antique Weapon Boutique.
 42079 | Orc:1    | Identified Sif Muna's Foundations of Magic (Sif Muna gifted
                  | it to you on level 1 of the Orcish Mines)
 42079 | Orc:1    | Received a gift from Sif Muna
 42238 | Orc:2    | Killed Saint Roka
 42402 | Orc:2    | Bought a masterwork troll leather armour for 720 gold
                  | pieces
 42402 | Orc:2    | Identified the +1 troll leather armour of the Transparent
                  | Zebra {rF+ rN++ Will- Regen+ Dex+2} (You bought it in a
                  | shop on level 2 of the Orcish Mines)
 42404 | Orc:2    | Found Tegh's Magic Scroll Shoppe.
 42577 | Orc:2    | Found Cyer's General Store.
 42635 | Orc:2    | Paralysed by an orc sorcerer for 7 turns
 42641 | Orc:2    | HP: 6/195 [orc high priest/+0 glaive (8)]
 43109 | Orc:2    | Bought a phantom mirror for 680 gold pieces
 43142 | Orc:2    | Found Miplora's Book Boutique.
 43369 | Elf:1    | Entered Level 1 of the Elven Halls
 43453 | Elf:1    | Found Ocuenuh's Antique Weapon Shop.
 43455 | Elf:1    | Found Suafeek's Jewellery Shop.
 43455 | Elf:1    | Found Oppej's General Store.
 43460 | Elf:1    | Found Keruolyk's General Store.
 43469 | Elf:1    | Bought a ring of see invisible for 255 gold pieces
 43469 | Elf:1    | Bought a ring of willpower for 425 gold pieces
 43494 | Elf:1    | Bought a +2 cloak for 231 gold pieces
 43738 | Elf:1    | Reached skill level 10 in Unarmed Combat
 43878 | Elf:1    | Gained mutation: Scrolls take you a little longer to read.
                  | [mutagenic glow]
 43932 | Elf:1    | Gained mutation: You resist negative energy. (rN+) [demonic
                  | ancestry]
 43932 | Elf:1    | Reached XP level 17. HP: 53/136 MP: 27/27
 44081 | Elf:1    | Lost mutation: Scrolls take you a little longer to read.
                  | [potion of mutation]
 44081 | Elf:1    | Lost mutation: You have razor-sharp toenails. [potion of
                  | mutation]
 44081 | Elf:1    | Lost mutation: You possess an exceptional clarity of mind.
                  | [potion of mutation]
 44081 | Elf:1    | Lost mutation: You have sharp toenails. [potion of
                  | mutation]
 44081 | Elf:1    | Gained mutation: You have supernaturally acute eyesight.
                  | (SInv) [potion of mutation]
 44081 | Elf:1    | Gained mutation: Armour fits poorly on your strangely
                  | shaped body. [potion of mutation]
 44081 | Elf:1    | Gained mutation: You passively map a small area around you.
                  | [potion of mutation]
 44100 | Elf:1    | Noticed Frances
 44107 | Elf:1    | Killed Frances
 44411 | Elf:1    | Noticed Donald
 44422 | Elf:1    | Killed Donald
 44933 | Elf:2    | Found Milocunu's Magic Scroll Boutique.
 45017 | Elf:2    | Bought a scroll of acquirement for 936 gold pieces
 45017 | Elf:2    | Acquired the ring "Rucwun" {+Blink AC+4 Str+2}
 45144 | Elf:2    | Received a gift from Sif Muna
 45411 | Elf:2    | Found a runed translucent gate.
 45448 | Elf:2    | Found a runed translucent gate.
 45449 | Elf:2    | Found a runed translucent gate.
 46719 | Spider:3 | Noticed Jorgrun
 46722 | Spider:3 | Killed Jorgrun
 46767 | Spider:2 | Acquired a +7 quick blade
 47649 | Spider:4 | Entered Level 4 of the Spider Nest
 47669 | Spider:4 | Identified Sif Muna's Easy Thaumaturgy (Sif Muna gifted it
                  | to you on level 4 of the Spider Nest)
 47669 | Spider:4 | Received a gift from Sif Muna
 47727 | Spider:3 | Learned a level 1 spell: Summon Small Mammal
 48284 | Spider:4 | Reached XP level 18. HP: 143/143 MP: 28/28
 48834 | Spider:4 | Got a gossamer rune of Zot
 48879 | Spider:4 | Upgraded the game from 0.27-a0-661-gca034ae587 to
                  | 0.27-a0-676-gc1da3516c2
 49451 | D:15     | Entered Level 15 of the Dungeon
 49577 | D:15     | Found a frozen archway.
 49587 | IceCv    | Entered an ice cave
 49627 | IceCv    | Identified Sif Muna's Volume of Igneous Necromancy (Sif
                  | Muna gifted it to you in an ice cave)
 49627 | IceCv    | Received a gift from Sif Muna
 49902 | IceCv    | Identified the ring of the Vendetta {Ice Str+2}
 50390 | D:15     | Found a staircase to the Depths.
 50407 | D:15     | Reached skill level 19 in Transmutations
 50634 | D:15     | Found a sacrificial altar of Ru.
 51044 | Depths:1 | Entered Level 1 of the Depths
 51641 | Depths:1 | Found a gateway to Hell.
 51810 | Depths:1 | Found a one-way gate to the infinite horrors of the Abyss.
 51861 | Depths:1 | Received a gift from Sif Muna
 52107 | Depths:1 | Found a gateway to a ziggurat.
 52308 | Depths:1 | Voluntarily entered the Abyss.
 52374 | Abyss:2  | Identified the +9 gold dragon scales "Rareagg" {Rampage
                  | rPois rF+ rC+ Int+3 Dex-4}
 52454 | Abyss:3  | Reached XP level 19. HP: 149/149 MP: 21/29
 52536 | Abyss:3  | Noticed a juggernaut
 52555 | Abyss:3  | HP: 11/223 [juggernaut (22)]
 52558 | Abyss:3  | Got an abyssal rune of Zot
 52588 | Abyss:3  | Found a corrupted altar of Lugonu.
 52646 | Abyss:3  | HP: 6/147 [+2 long sword of holy wrath (2)]
 52654 | Abyss:3  | HP: 6/147 [hell hog/fireball (10)]
 52655 | Abyss:3  | Killed from afar by a starcursed mass

Illustrated notes

Levels and vault maps discovered:
D:1:      lightli_iron_boxes, layout_loops_ring, hangedman_decor_peaks_small
D:2:      layout_basic, minitemple, chequers_serial_rivers_large_b
D:3:      layout_rooms
D:4:      layout_rooms, nicolae_sif_muna_condensation,
          lemuel_coloured_pillars_altar
D:5:      layout_basic, minmay_crystal_water, uniq_menkaure, uniq_edmund,
          uniq_eustachio
D:6:      layout_layer_cave, minmay_temple_entry_stoned_glass, st_stairs_11
D:7:      layout_basic, serial_shops, nicolae_shop_crystal, serial_glass,
          glass_columns_a, glass_columns_b, feat_on_display,
          trog_three_pillars_becter, uniq_pikel
D:8:      layout_basic, grunt_temple_overflow_open, slow_altar_1, serial_rivers,
          chequers_serial_rivers_marsh, chequers_serial_rivers_room_a,
          chequers_serial_rivers_micro_c, chequers_serial_rivers_small_3,
          chequers_serial_rivers_micro_d, chequers_serial_rivers_small_a,
          uniq_maurice, uniq_joseph
D:9:      layout_irregular_city, trog_antimagical, erik_orc_3
D:10:     layout_gridville, david_lair_shrubbed, enter_bailey_3
D:11:     layout_loops_ring, serial_shops, shop_statue, grunt_decor_fettered
D:12:     layout_roguey
D:13:     layout_basic, hangedman_decor_points
D:14:     layout_cave_pods, grunt_vaults_entry_tiered,
          chequers_serial_rivers_micro_e, roderic_batcave, lightli_airlock
D:15:     gammafunk_depths_entry_grave, layout_basic, corexii_leaking_fountain,
          portal_ice_cave_rime, chequers_arboretum,
          nicolae_ru_the_path_less_chosen
Lair:1:   layout_regular_city, infiniplex_staircase_pool, grunt_megastairs_3
Lair:2:   layout_chaotic_city, nicolae_spider_entry_tight_spaces,
          lemuel_fruit_fields, serial_bayou_shore_a, uniq_prince_ribbit2
Lair:3:   layout_gridlike, chequers_serial_rivers_large_a
Lair:4:   layout_layer_cave, minmay_shoals_entry_hut, grunt_megastairs_4
Lair:5:   layout_gridlike, basic_altar, ebering_ghost_funeral_grove, uniq_snorg,
          uniq_josephine
Lair:6:   hangedman_lair_caniforms_friends, layout_regular_city, wormcave,
          slime_altar_1, gammafunk_ghost_berserking_beasts
Spider:1: layout_chambers, guppyfry_hornet_nest
Spider:2: layout_spider_delve
Spider:3: layout_spider_delve, uniq_jorgrun
Spider:4: grunt_spider_rune_circles
Orc:1:    layout_diamond_mine, serial_shops, shop, gammafunk_ghost_stat_death,
          uniq_erolcha
Orc:2:    grunt_orc_gardens, layout_caves, grunt_orc_garden, grunt_orc_garden,
          grunt_orc_garden, grunt_orc_garden, basic_altar, serial_shops, shop,
          uniq_saint_roka, uniq_nessos
Elf:1:    eino_elf_arrival_the_gate, layout_geoelf_grid, minivault_28,
          minmay_shoptagon, uniq_frances, uniq_donald
Elf:2:    layout_geoelf_octagon, serial_shops, shop_scrolls
Depths:1: layout_cave_pools, enter_ziggurat_e, abyss_entry_small_statue_room,
          kennysheep_path_1, hangedman_coc_ice_floe, minmay_fire_ice_demons
Abyss:3:  base: D:5, hangedman_classic_abyss_death,
          evilmike_abyss_rune_tso_outpost, evilmike_abyss_rune_tso_outpost,
          abyss_greek_temple

Skill      XL: |  1  2  3  4  5  6  7  8  9 10 11 12 13 14 15 16 17 18 19 |
---------------+----------------------------------------------------------+-----
Fighting       | 4 5 6 8 9 10 11 12 13 | 13.0
Armour         | 4 5 |  5.0
Dodging        | 5 9 10 11 12 13 14 | 14.0
Spellcasting   | 5 6 7 |  7.0
Transmutations | 3 8 11 13 15 17 18 19 | 19.4
Unarmed Combat | 4 6 10 12 13 14 | 14.0
Shields        | 4 |  4.0
Stealth        | |  1.7

Action                   |  1- 3 |  4- 6 |  7- 9 | 10-12 | 13-15 | 16-18 | 19-21 || total
-------------------------+-------+-------+-------+-------+-------+-------+-------++-------
Melee: Unarmed           |   113 |       |       |       |   199 |   846 |    23 ||  1181
       Headbutt          |    14 |    28 |    74 |   160 |   217 |    36 |     3 ||   532
       Punch             |     1 |     1 |     4 |    12 |     4 |    49 |       ||    71
       Spear             |    24 |   122 |   418 |    80 |     1 |       |       ||   645
       Long sword        |       |       |       |   586 |   778 |   107 |     2 ||  1473
       Tailslap          |       |       |       |       |    33 |   141 |     2 ||   176
       Bite              |       |       |       |       |    21 |   113 |     2 ||   136
 Cast: Dragon Form       |       |       |       |       |    18 |    87 |     1 ||   106
 Abil: Breathe Fire      |       |       |       |       |     5 |    23 |     1 ||    29
       Blink             |       |       |       |       |       |       |     1 ||     1
Evoke: Wand              |       |       |       |     2 |    17 |     5 |       ||    24
       Condenser vane    |       |       |       |       |     3 |     1 |       ||     4
  Use: Potion            |     1 |     1 |     1 |    10 |    14 |    13 |     3 ||    43
       Scroll            |       |     5 |     5 |    13 |    16 |     7 |     1 ||    47
 Stab: Sleeping          |     7 |     1 |       |       |     5 |     4 |       ||    17
       Distracted        |       |     1 |       |     1 |     1 |     2 |       ||     5
       Confused          |       |       |       |       |       |     1 |       ||     1
       Held in net/web   |       |       |       |       |       |     1 |       ||     1
Armor: Robe              |    46 |     2 |       |       |       |    36 |     2 ||    86
       Ring mail         |       |    20 |     8 |       |       |       |       ||    28
       Scale mail        |       |       |   154 |   351 |   236 |       |       ||   741
       Skin              |       |       |       |    16 |   170 |   597 |    12 ||   795
       Troll leather arm |       |       |       |       |   105 |    17 |       ||   122
Dodge: Dodged            |   106 |    51 |   239 |   620 |   886 |   510 |    19 ||  2431
Block: Buckler           |       |       |       |    58 |   300 |    44 |     3 ||   405
       Rpst.: Long sword |       |       |       |   134 |   218 |    24 |     6 ||   382

Table legend: (Time is in decaauts)
 A = Elapsed time spent in this place.
 B = Non-inter-level travel time spent in this place.
 C = Inter-level travel time spent in this place.
 D = Time resting spent in this place.
 E = Time spent auto-exploring this place.
 F = Levels seen in this place.
 G = Mean time per level.
                   A        B        C        D        E       F      G
               +--------+--------+--------+--------+--------+-----+--------+
         Total |  53265 |  50245 |   3020 |   8081 |  32696 |  35 | 1521.9 |
       Dungeon |  21362 |  20017 |   1345 |   2097 |  14547 |  15 | 1424.1 |
          Lair |  18152 |  17164 |    988 |   4085 |  10239 |   6 | 3025.3 |
   Spider Nest |   5452 |   5203 |    249 |    397 |   3725 |   4 | 1363.0 |
  Orcish Mines |   2815 |   2571 |    244 |    765 |   1139 |   2 | 1407.5 |
   Elven Halls |   2360 |   2255 |    105 |    204 |   1540 |   2 | 1180.0 |
        Depths |   1227 |   1140 |     87 |     59 |    800 |   1 | 1227.0 |
         Abyss |    303 |    303 |      0 |      0 |     94 |   3 |  101.0 |
        Bailey |   1008 |   1008 |      0 |    429 |    328 |   1 | 1008.0 |
      Ice Cave |    581 |    581 |      0 |     45 |    283 |   1 |  581.0 |
               +--------+--------+--------+--------+--------+-----+--------+

Top non-repeatable levels by time:
  Lair:4: 4107 daAuts
  Lair:5: 3843 daAuts
  Lair:2: 3507 daAuts
  Lair:6: 3020 daAuts
  Lair:3: 2424 daAuts
     D:6: 2106 daAuts
     D:8: 2055 daAuts
Spider:1: 2054 daAuts
     D:5: 1844 daAuts
    D:14: 1818 daAuts
     D:7: 1790 daAuts
     D:9: 1710 daAuts
   Orc:1: 1698 daAuts
   Elf:1: 1608 daAuts
    D:10: 1547 daAuts
